 Dungeon Crawl Stone Soup version 0.25-a0-949-gdd2af9e06e (webtiles) character file.

Game seed: 18400816895507741555, levelgen mode: deterministic

84 Gwenloh the Poker (level 4, 0/34 HPs)
             Began as a Merfolk Skald on May 8, 2020.
             Slain by an orc
             ... wielding a +0 war axe
              (6 damage)
             ... on level 4 of the Dungeon.
             The game lasted 00:10:36 (2676 turns).

Gwenloh the Poker (Merfolk Skald)                   Turns: 2676, Time: 00:10:37

Health: 0/34       AC:  8    Str: 11    XL:     4   Next: 46%
Magic:  4/7        EV: 11    Int: 13    God:
Gold:   135        SH:  0    Dex: 13    Spells: 2/7 levels left

rFire    . . .     SeeInvis .   a - +0 spear
rCold    . . .     Gourm    .   (no shield)
rNeg     . . .     Faith    .   b - +0 leather armour
rPois    +         Spirit   .   (no helmet)
rElec    .         Reflect  .   (no cloak)
rCorr    .         Harm     .   o - +2 pair of gloves
MR       .....                  k - +1 pair of boots
Stlth    +.........             (no amulet)
HPRegen  0.11/turn              c - ring of poison resistance
MPRegen  0.10/turn              (no ring)

@: very heavily drained
A: change form in water, swift swim, stealthy swim
a: no special abilities


You were on level 4 of the Dungeon.
You were not hungry.

You visited 1 branch of the dungeon, and saw 4 of its levels.

You collected 135 gold pieces.

Inventory:

Hand Weapons
 a - a +0 spear (weapon)
Missiles
 g - 22 stones
 p - 41 bolts
 u - 17 poisoned darts (quivered)
Armour
 b - a +0 leather armour (worn)
 k - a +1 pair of boots (worn)
 o - a +2 pair of gloves (worn)
Jewellery
 c - a ring of poison resistance (left hand)
 s - an uncursed amulet of harm
Scrolls
 e - a scroll of enchant armour {unknown}
 f - a scroll of fear {unknown}
 l - 3 scrolls of remove curse
 m - a scroll of immolation {unknown}
 t - a scroll of random uselessness {unknown}
 v - a scroll of identify {unknown}
Potions
 h - a potion of heal wounds {unknown}
 i - a potion of lignification {unknown}
 j - 2 potions of magic {unknown}
 n - a potion of haste {unknown}
 q - a potion of mutation {unknown}
 r - a potion of curing {unknown}
Comestibles
 d - 4 rations
 w - 2 chunks of flesh


   Skills:
 + Level 2.7(0.0) Fighting
 * Level 4.0(1.0) Polearms
 - Level 0.6(0.0) Armour
 * Level 3.5(0.5) Dodging
 + Level 2.4(0.0) Spellcasting
 * Level 4.0(1.0) Charms
 + Level 0.2(0.0) Translocations


You had 2 spell levels left.
You knew the following spells:

 Your Spells              Type           Power        Failure   Level  Hunger
a - Infusion              Chrm           #...         26%         1    ##.....
b - Shroud of Golubria    Chrm/Tloc      #.....       45%         2    ###....
c - Song of Slaying       Chrm           #.......     36%         2    ###....

Your spell library contained the following spells:

 Spells                   Type           Power        Failure   Level  Hunger
 Ozocubu's Armour         Chrm/Ice       #.......     69%         3    ####...
 Spectral Weapon          Hex/Chrm       #.......     69%         3    ####...


Dungeon Overview and Level Annotations

Branches:
Dungeon (4/15)
 Temple: D:4-7

Altars:
Nemelex Xobeh
Wu Jian
The Shining One


Message History

The leopard gecko bites you but does no damage.
You hit the leopard gecko.
The leopard gecko is severely wounded.
The leopard gecko barely misses you.
You miss the leopard gecko.
The leopard gecko is severely wounded.
The leopard gecko bites you but does no damage.
The leopard gecko barely misses you.
You barely miss the leopard gecko.
The leopard gecko is severely wounded.
The leopard gecko bites you but does no damage.
You hit the leopard gecko.
You kill the leopard gecko!
You closely miss the orc. The orc hits you with a +0 war axe!
* * * LOW HITPOINT WARNING * * *
You closely miss the orc. You hit the orc.
The orc is moderately wounded.
The orc hits you with a +0 war axe.
You die...

...##.[ .......
....... ......w
..... ##.....
#.... .......
#..(. .......####
..... ......Zo@.#
.....
...######.###
..... #...# .....
#######'''#######
.o...
########...#######
##.##
###.☼○##...#§°○°.#
...
##○§○°°#.⌠.#☼§○§.#
####
##☼§§§§#...#§°☼§.#
.
##○§§§.#...#°§§§§#
#.


You could see an orc and a jackal skeleton.

Vanquished Creatures
  An adder (D:2)
  An ooze (D:1)
  2 dart slugs (D:2)
  3 worms
  4 leopard geckos
  An orc (D:3)
  4 bats (D:1)
  3 giant cockroaches
  7 goblins
  6 hobgoblins
  5 jackals
  2 frilled lizards
  2 kobolds (D:3)
  A quokka skeleton (D:3)
  9 rats
51 creatures vanquished.

Notes
Turn   | Place    | Note
-------+----------+-------------------------------------------
     0 | D:1      | Gwenloh the Merfolk Skald began the quest for the Orb.
     0 | D:1      | Reached XP level 1. HP: 16/16 MP: 3/3
   120 | D:1      | Reached XP level 2. HP: 22/23 MP: 5/5
   719 | D:2      | Reached XP level 3. HP: 28/28 MP: 6/6
   723 | D:2      | Learned a level 2 spell: Shroud of Golubria
   726 | D:2      | Learned a level 2 spell: Song of Slaying
   996 | D:2      | Found a glowing golden altar of the Shining One.
  1047 | D:2      | Found a faded altar of an unknown god.
  1990 | D:3      | Reached XP level 4. HP: 34/34 MP: 7/7
  2125 | D:3      | Found an ornate altar of the Wu Jian Council.
  2544 | D:4      | Noticed an ogre
  2601 | D:4      | Found a sparkling altar of Nemelex Xobeh.
  2676 | D:4      | Slain by an orc

Levels and vault maps discovered:
D:1:      lightli_arrival_windingriver, layout_basic,
          chequers_serial_rivers_micro_e
D:2:      layout_loops_cross, lemuel_doored_altar,
          chequers_ecumenical_altar_grove, first_ration
D:3:      layout_loops_corners, lemuel_crystal_altar
D:4:      layout_basic, nemelex_altar_shiori, zin_scriptorium, minmay_rat_hole

Skill      XL: |  1  2  3  4 |
---------------+-------------+-----
Dodging        | 3 |  3.5
Polearms       | 4 |  4.0
Charms         | 4 |  4.0
Fighting       | |  2.7
Armour         | |  0.6
Spellcasting   | |  2.4
Translocations | |  0.2

Action                   |  1- 3 |  4- 6 || total
-------------------------+-------+-------++-------
Melee: Spear             |   141 |    75 ||   216
Throw: Stone             |     5 |       ||     5
 Cast: Infusion          |     6 |     1 ||     7
  Use: Scroll            |     1 |     1 ||     2
 Stab: Sleeping          |     2 |       ||     2
  Eat: Chunk             |     4 |     2 ||     6
Armor: Leather armour    |    35 |    16 ||    51
Dodge: Dodged            |    55 |    34 ||    89

Table legend:
 A = Non-vault XP
 B = Vault XP
 C = Vault XP percentage of total XP
 D = Non-vault monster count
 E = Vault monster count
 F = Vault count percentage of total count
                 A         B        C        D         E       F
            +---------+---------+-------+---------+---------+-------
      Total |     121 |       0 |   0.0 |      51 |       0 |   0.0
            +---------+---------+-------+---------+---------+-------
        D:1 |      33 |       0 |   0.0 |      17 |       0 |   0.0
        D:2 |      37 |       0 |   0.0 |      11 |       0 |   0.0
        D:3 |      34 |       0 |   0.0 |      17 |       0 |   0.0
        D:4 |      17 |       0 |   0.0 |       6 |       0 |   0.0
            +---------+---------+-------+---------+---------+-------
